 Dungeon Crawl Stone Soup version 0.21-a0-364-gbd1fde4 (webtiles) character file.

15 vishdafish the Charmwright (level 2, -1/22 HPs)
             Began as a Demonspawn Skald on Oct 14, 2017.
             Slain by an orc
             ... wielding a +0 flail
              (10 damage)
             ... on level 1 of the Dungeon.
             The game lasted 00:01:03 (763 turns).

vishdafish the Charmwright (Demonspawn Skald)        Turns: 763, Time: 00:01:03

Health: -1/22      AC:  3    Str: 11    XL:     2   Next: 34%
Magic:  2/5        EV: 12    Int: 14    God:
Gold:   41         SH:  0    Dex: 12    Spells: 4/5 levels left

rFire    . . .     SeeInvis .   a - +0 hand axe
rCold    . . .     Gourm    .   (no shield)
rNeg     . . .     Faith    .   b - +0 leather armour
rPois    .         Spirit   .   (no helmet)
rElec    .         Reflect  .   (no cloak)
rCorr    .         Harm     .   (no gloves)
MR       .....                  (no boots)
Stlth    +.........             (no amulet)
HPRegen  0.07/turn              (no ring)
MPRegen  0.09/turn              (no ring)

@: infused
A: hooves 1
a: no special abilities


You were on level 1 of the Dungeon.
You were not hungry.

You visited 1 branch of the dungeon, and saw 2 of its levels.

You collected 41 gold pieces.

Inventory:

Hand Weapons
 a - a +0 hand axe (weapon)
Armour
 b - a +0 leather armour (worn)
Scrolls
 e - 2 scrolls of remove curse {unknown}
 f - 2 scrolls of identify {unknown}
 h - a scroll of noise {unknown}
Books
 c - a book of Battle

   Spells                             Type                      Level
   a - Infusion                       Charms                       1
   b - Shroud of Golubria             Charms/Translocation         2
   c - Song of Slaying                Charms                       2
   d - Spectral Weapon                Hexes/Charms                 3
   e - Regeneration                   Charms/Necromancy            3
Comestibles
 d - a bread ration
 g - 7 fruits


   Skills:
 + Level 2.0 Fighting
 * Level 2.2 Axes
 - Level 1.1 Armour
 + Level 2.0 Dodging
 - Level 2.0 Spellcasting
 + Level 2.8 Charms


You had 4 spell levels left.
You knew the following spells:

 Your Spells              Type           Power        Failure   Level  Hunger
a - Infusion              Chrm           #...         10%         1    ##.....


Dungeon Overview and Level Annotations

Branches:
Dungeon (2/15)

Altars:


Innate Abilities, Weirdness & Mutations

You have large cloven feet.


Message History

An orc is wielding a whip of pain.
The goblin shouts!
The hobgoblin shouts!
The orc wizard shouts!
The orc shouts! x2
Found a scroll labeled XEECHI MUOPS.
Found a stone staircase leading down.
There is a stone staircase leading up here.
The orc hits you with a flail! The orc closely misses you.
You climb upwards.
There is a stone staircase leading down here.
You see here a dagger.
Casting: Infusion
Confirm with . or Enter, or press ? or * to list all spells.
You begin infusing your attacks with magical energy.
The orc hits you with a whip of pain.
You hit the orc!
You kill the orc!
You barely miss the orc. You kick the orc, but do no damage.
The orc hits you but does no damage.
You hit the orc. You kick the orc, but do no damage.
The orc is severely wounded.
The orc hits you with a flail!
You die...

#.#...## #.##.........##.
####.#....#
#.####...#......
#.......>.#
#.####...#.####.
#.#####...#
#.#.........#### #.#
#.).# #...............
#.# #...#
###.........#### #.#
#...# ####...####
#.#####...#########...##
#..........o@..........#
#.#####...############.##
#.# ##.#..# #..# #.#
#.###.# ##.## #.# #..#..#
#####..#### #.###.#...#
#....(..... #.........#
###.......... ###.....(.#
##...≈≈≈≈≈≈≈≈≈ ##..###.#
#....≈≈≈≈≈≈≈≈≈


You could see an orc.

Vanquished Creatures
  An orc (D:1)
  2 bats (D:1)
  3 goblins (D:1)
  3 hobgoblins (D:1)
  A kobold (D:1)
  A frilled lizard (D:1)
  2 rats (D:1)
13 creatures vanquished.

Notes
Turn   | Place    | Note
-------+----------+-------------------------------------------
     0 | D:1      | vishdafish the Demonspawn Skald began the quest for the Orb.
     0 | D:1      | Reached XP level 1. HP: 16/16 MP: 3/3
   126 | D:1      | Reached skill level 1 in Armour
   190 | D:1      | Gained mutation: You have large cloven feet. [demonic ancestry]
   190 | D:1      | Reached XP level 2. HP: 9/22 MP: 0/5
   763 | D:1      | Slain by an orc

Vault maps used:
D:1:      dpeg_arrival_castle
D:2:      kennysheep_six_static_rooms, first_bread, kennysheep_slug_shrine,
          uniq_crazy_yiuf_cottage, uniq_terence

Skill      XL: |  1  2 |
---------------+-------+-----
Armour         | 1 |  1.1
Axes           | 2 |  2.2
Dodging        | 2 |  2.0
Fighting       | |  2.0
Spellcasting   | |  2.0
Charms         | |  2.8

Action                   || total
-------------------------++-------
Melee: Hand axe          ||    40
       Kick              ||     7
 Cast: Infusion          ||     2
Armor: Leather armour    ||    14
Dodge: Dodged            ||    22

Table legend:
 A = Spawn XP
 B = Non-spawn XP
 C = Spawn XP percentage of total XP
 D = Spawn monster count
 E = Non-spawn monster count
 F = Spawn count percentage of total count
 G = Total turns spent on level
                    A         B        C        D         E        F      G
               +---------+---------+-------+---------+---------+-------+---------
         Total |       0 |      22 |   0.0 |       0 |      13 |   0.0 |   763
               +---------+---------+-------+---------+---------+-------+---------
           D:1 |       0 |      22 |   0.0 |       0 |      13 |   0.0 |   761
               +---------+---------+-------+---------+---------+-------+---------
